 Dungeon Crawl Stone Soup version 0.29.1-12-g30fa7ad0bf (webtiles) character file.

Game seed: 4915929998051077555

268 Descartes the Shield-Bearer (level 6, -7/49 HPs)
             Began as a Formicid Fighter on Dec 19, 2022.
             Mangled by a hornet (15 damage)
             ... on level 4 of the Dungeon.
             The game lasted 00:05:32 (2997 turns).

Descartes the Shield-Bearer (Formicid Fighter)      Turns: 2997, Time: 00:05:34

Health: -7/49      AC:  6    Str: 21    XL:     6   Next: 45%
Magic:  6/6        EV: 11    Int:  9    God:
Gold:   206        SH:  5    Dex: 13    Spells: 5/5 levels left

rFire   . . .      SeeInvis +   a - +0 war axe
rCold   . . .      Faith    .   c - +0 buckler
rNeg    . . .      Spirit   .   p - +4 robe "Plog" {SInv}
rPois   .          Reflect  .   (helmet unavailable)
rElec   .          Harm     .   (no cloak)
rCorr   .          Rampage  .   (no gloves)
Will    .....                   (no boots)
Stlth   +.........              (no amulet)
HPRegen 0.16/turn               (no ring)
MPRegen 0.10/turn               (no ring)

@: mighty, lethally poisoned (-7 -> -11)
A: permanent stasis, dig shafts and tunnels, antennae 3, four strong arms
a: Dig, Shaft Self


You were on level 4 of the Dungeon.
You visited 1 branch of the dungeon, and saw 4 of its levels.

You collected 206 gold pieces.

Inventory:

Hand Weapons
 a - a +0 war axe (weapon)
Missiles
 e - 27 stones
 i - 8 poisoned darts
 y - 2 datura-tipped darts
Armour
 b - a +0 scale mail
 c - a +0 buckler (worn)
 p - the +4 robe "Plog" (worn) {SInv}
   (You found it on level 2 of the Dungeon)

   SInv:      It lets you see invisible.
 r - a +0 chain mail
 E - the +1 leather armour of Watchfulness {rC+}
   (You found it on level 4 of the Dungeon)

   rC:        It protects you from cold.
Magical Staves
 w - a staff of air
 D - a staff of earth
Wands
 B - a wand of roots (8)
Scrolls
 f - 2 scrolls of noise {unknown}
 g - a scroll of vulnerability {unknown}
 h - a scroll of poison {unknown}
 k - 3 scrolls of identify {unknown}
 m - 2 scrolls of enchant weapon {unknown}
 n - a scroll of acquirement {unknown}
 o - 2 scrolls of enchant armour {unknown}
 q - a scroll of amnesia {unknown}
 s - a scroll of magic mapping {unknown}
 u - 2 scrolls of teleportation {unknown}
 x - a scroll of torment {unknown}
 z - a scroll of blinking {unknown}
 C - a scroll of immolation {unknown}
Potions
 j - 2 potions of resistance {unknown}
 l - 2 potions of mutation {unknown}
 t - a potion of lignification {unknown}
 v - a potion of ambrosia {unknown}
 A - 2 potions of curing {unknown}


   Skills:
 + Level 4.4 Fighting
 + Level 3.3 Axes
 + Level 4.5 Armour
 + Level 5.3 Shields
 + Level 1.2 Translocations
 + Level 1.4 Evocations


You had 5 spell levels left.
You didn't know any spells.
Your spell library contained the following spells:

 Spells                   Type           Power      Damage    Failure   Level
 Apportation              Tloc           4%         N/A       30%         1
 Necrotise                Necr           0%         1d4       43%         1
 Summon Small Mammal      Summ           0%         N/A       43%         1


Dungeon Overview and Level Annotations

Branches:
Dungeon (4/15)
 Temple: D:4-7

Altars:

Shops:
D:1 *?


Innate Abilities, Weirdness & Mutations

You cannot be hasted, slowed, berserked, paralysed or teleported.
You can dig through walls and to a lower floor.
You have a pair of large antennae on your head. (SInv)
Your four strong arms can wield two-handed weapons with a shield.


Message History

You hit the hornet but do no damage. You closely miss the giant cockroach.
You feel very sick. The hornet stings you!
You are more poisoned.
Your stasis prevents you from being slowed.
The giant cockroach bites you but does no damage.
The hornet misses you.
The giant cockroach bites you but does no damage.
You miss the hornet. You hit the giant cockroach.
You kill the giant cockroach!
You feel extremely sick. You block the hornet's attack.
The hornet barely misses you.
An orc wizard comes into view. It is wielding a +0 dagger.
Unknown command.
The orc wizard shouts!
You hit the hornet.
The hornet is lightly wounded.
You feel very sick.
You hear a shout!
The hornet barely misses you. You block the hornet's attack.
Unknown command.
You feel very mighty all of a sudden.
You feel sick.
The hornet stings you but does no damage.
You block the hornet's attack.
You closely miss the hornet.
The hornet is lightly wounded.
You feel very sick. You block the hornet's attack. The hornet misses you.
Unknown command.
You closely miss the hornet.
The hornet is lightly wounded.
You feel sick. The hornet closely misses you. You block the hornet's attack.
You slice the hornet!!
The hornet is heavily wounded.
You feel sick. The hornet stings you.
* * * LOW HITPOINT WARNING * * *
Your stasis prevents you from being slowed.
The hornet stings you!
You die...

.. ...
##...........### ....
#.###..<........##
#..##.....#..)......#
......#......).......#
....#............#####
.<...............#
.................#
........†..........
........?@..........
.<.......)y..........
........o............
..................
.#.###.......?..!. ..
...#..........
...............
....#.##..##...


You could see a hornet and an orc wizard.

Vanquished Creatures
  A howler monkey (D:4)
  2 hounds
  2 orc priests (D:4)
  4 adders
  A worm (D:2)
  2 dart slugs
  4 orcs
  2 endoplasms
  4 giant cockroaches
  8 goblins
  7 hobgoblins
  4 jackals (D:3)
  4 ball pythons
  7 bats
  2 frilled lizards
  6 kobolds
  8 rats
68 creatures vanquished.

Notes
Turn   | Place    | Note
-------+----------+-------------------------------------------
     0 | D:1      | Descartes the Formicid Fighter began the quest for the Orb.
     0 | D:1      | Reached XP level 1. HP: 18/18 MP: 1/1
   171 | D:1      | Reached XP level 2. HP: 24/24 MP: 2/2
   178 | D:1      | Found Uxzuwushaekk's General Store.
   335 | D:1      | Found Piehuw's Magic Scroll Shoppe.
   659 | D:1      | Reached XP level 3. HP: 29/29 MP: 3/3
  1064 | D:2      | Identified the +4 robe "Plog" {SInv}
  1725 | D:2      | Reached XP level 4. HP: 33/37 MP: 4/4
  2069 | D:3      | Reached XP level 5. HP: 37/42 MP: 5/5
  2810 | D:4      | Reached skill level 5 in Shields
  2812 | D:4      | Reached skill level 1 in Evocations
  2812 | D:4      | Reached XP level 6. HP: 24/49 MP: 6/6
  2824 | D:4      | Identified the +1 leather armour of Watchfulness {rC+}
  2833 | D:4      | Reached skill level 1 in Translocations
  2986 | D:4      | Noticed a hornet
  2997 | D:4      | Mangled by a hornet

Illustrated notes

Levels and vault maps discovered:
D:1:      minmay_arrival_stone_box, layout_loops_ring, serial_shops,
          nicolae_shop_behind_doors, shop_scrolls, minmay_cut_off
D:2:      layout_loops_ring
D:3:      layout_loops_corners, due_unseen_surprise
D:4:      layout_rooms, beargit_hepliaklqana_dungeon_heroes,
          amcnicky_altar_gilded, st_stairs_1

Skill      XL: |  1  2  3  4  5  6 |
---------------+-------------------+-----
Fighting       | 4 |  4.4
Armour         | 4 |  4.5
Axes           | 3 |  3.3
Shields        | 5 |  5.3
Evocations     | 1 |  1.4
Translocations | 1 |  1.2

Action                   |  1- 3 |  4- 6 || total
-------------------------+-------+-------++-------
Melee: War axe           |   105 |    91 ||   196
 Abil: Dig               |       |     1 ||     1
  Use: Potion            |       |     2 ||     2
 Stab: Sleeping          |       |     3 ||     3
Armor: Scale mail        |    31 |       ||    31
       Robe              |    13 |    56 ||    69
Dodge: Dodged            |    52 |    79 ||   131
Block: Buckler           |    28 |    29 ||    57
